 Dungeon Crawl Stone Soup version 0.27.1 (webtiles) character file.

Game seed: 13151320462148982546

37 Atelerd the Digger (level 3, -3/21 HPs)
             Began as an Octopode Earth Elementalist on Sept 2, 2021.
             Slain by a gnoll (15 damage)
             ... on level 2 of the Dungeon.
             The game lasted 00:00:53 (1807 turns).

Atelerd the Digger (Octopode Earth Elementalist)    Turns: 1807, Time: 00:00:55

Health: -3/21      AC:  1    Str:  7    XL:     3   Next: 39%
Magic:  4/6        EV: 13    Int: 24    God:
Gold:   31         SH:  0    Dex: 12    Spells: 6/7 levels left

rFire    . . .     SeeInvis .   a - +0 dagger
rCold    . . .     Faith    .   (no shield)
rNeg     . . .     Spirit   .   (helmet restricted)
rPois    .         Reflect  .   (no amulet)
rElec    .         Harm     .   e - +6 ring of intelligence
rCorr    .         Rampage  .   (no ring)
Will     .....                  (no ring)
Stlth    +++.......             (no ring)
HPRegen  0.07/turn              (no ring)
MPRegen  0.10/turn              (no ring)
                                (no ring)
                                (no ring)

@: no status effects
A: almost no armour, amphibious, 8 rings, camouflage 1, gelatinous body 1,
(nimble swimmer 1), tentacles
a: no special abilities


You were on level 2 of the Dungeon.
You visited 1 branch of the dungeon, and saw 2 of its levels.

You collected 31 gold pieces.

Inventory:

Hand Weapons
 a - a +0 dagger (weapon)
Missiles
 b - 53 stones
Jewellery
 e - a +6 ring of intelligence (left tentacle)
Scrolls
 d - 2 scrolls of identify {unknown}
 f - a scroll of enchant armour {unknown}
Potions
 c - a potion of lignification {unknown}
 g - a potion of curing {unknown}
 h - a potion of flight {unknown}


   Skills:
 - Level 2.0 Dodging
 - Level 2.6 Stealth
 + Level 2.5 Spellcasting
 + Level 2.0 Transmutations
 + Level 3.4 Earth Magic


You had 6 spell levels left.
You knew the following spells:

 Your Spells              Type           Power      Damage    Failure   Level
a - Sandblast             Erth           38%        2d10      2%          1

Your spell library contained the following spells:

 Spells                   Type           Power      Damage    Failure   Level
 Passwall                 Tmut/Erth      13%        N/A       5%          2
 Foxfire                  Conj/Fire      12%        2x1d4     12%         1
 Stone Arrow              Conj/Erth      22%        3d8       17%         3
 Conjure Flame            Conj/Fire      3%         6-21      34%         3
 Inner Flame              Hex/Fire       3%         N/A       34%         3
 Petrify                  Tmut/Erth      16%        N/A       36%         4


Dungeon Overview and Level Annotations

Branches:
Dungeon (2/15)

Altars:


Innate Abilities, Weirdness & Mutations

You cannot wear most types of armour.
You are amphibious.
You can wear up to eight rings at the same time.
Your skin changes colour to match your surroundings (Stealth+).
Your rubbery body absorbs attacks. (AC +1, EV +1)
((You are camouflaged near water. (Stealth+)))
You have tentacles for arms and can constrict up to eight enemies at once.


Message History

A ball python is nearby!
You can't see any susceptible monsters within range! (Use Z to cast anyway.)
A ball python is nearby!
The blast of sand hits the ball python!
You kill the ball python!
Key pressed, stopping explore.
No target in view!
You can't see any susceptible monsters within range! (Use Z to cast anyway.) Key pressed, stopping explore.
No target in view!
You can't see any susceptible monsters within range! (Use Z to cast anyway.)
A gnoll comes into view. It is wielding a +0 flail.
The gnoll shouts!
A gnoll comes into view.
It is wielding a +0 whip of electrocution.
The gnoll shouts!
You can't see any susceptible monsters within range! (Use Z to cast anyway.)
A hobgoblin comes into view.
There are monsters nearby!
The blast of sand hits the gnoll.
The gnoll is moderately wounded.
The hobgoblin shouts!
A gnoll comes into view. It is wielding a +0 spear.
You closely miss the gnoll.
The gnoll shouts!
You grab the gnoll.
The gnoll is moderately wounded.
You constrict the gnoll. The gnoll misses you.
There are monsters nearby!
You hit the gnoll but do no damage.
You squeeze the gnoll, but do no damage.
The gnoll is heavily wounded.
You constrict the gnoll, but do no damage.
The gnoll escapes!
The blast of sand hits the gnoll but does no damage.
The gnoll is heavily wounded.
The gnoll hits you with a +0 flail.
The gnoll hits you with a +0 whip of electrocution.
You are electrocuted!
Ouch! That really hurt!
You die...

..#......# #.# ##.## #..
#...# ### #...#
#...###### #
#####........# #
#.#####............#####
#..g.ggg.>.............#
#@.......[...###.#
#####....###^# #.#
#........# #..
##...###### #.. #.....#
#.. #.#.#.# #..
####.#.#.# #..
#......#.# #..
#.##.###.# ##.


You could see 3 gnolls and a hobgoblin.

Vanquished Creatures
  An adder (D:2)
  A dart slug (D:1)
  3 ball pythons
  3 endoplasms
  2 giant cockroaches
  3 goblins
  6 hobgoblins
  A bat (D:2)
  A kobold (D:2)
  A rat (D:1)
22 creatures vanquished.

Notes
Turn   | Place    | Note
-------+----------+-------------------------------------------
     0 | D:1      | Atelerd the Octopode Earth Elementalist began the quest for
                  | the Orb.
     0 | D:1      | Reached XP level 1. HP: 11/11 MP: 3/3
   427 | D:1      | Reached XP level 2. HP: 2/17 MP: 0/5
  1606 | D:2      | Reached XP level 3. HP: 21/21 MP: 2/6
  1807 | D:2      | Slain by a gnoll

Illustrated notes

Levels and vault maps discovered:
D:1:      dpeg_arrival_pond, layout_basic, hangedman_decor_growths
D:2:      layout_loops_cross, uniq_natasha

Skill      XL: |  1  2  3 |
---------------+----------+-----
Transmutations | 2 |  2.0
Dodging        | |  2.0
Stealth        | |  2.6
Spellcasting   | |  2.5
Earth Magic    | |  3.4

Action                   || total
-------------------------++-------
Melee: Unarmed           ||     6
       Constrict         ||     6
       Tentacles         ||     3
       Dagger            ||     6
 Cast: Sandblast         ||    27
Armor: Skin              ||     1
Dodge: Dodged            ||     8
